 Dungeon Crawl Stone Soup version 0.32-a0-422-g28b100f618 (webtiles) character file.

Game seed: 1598363543391305064

1124 shadowstone the Covered (level 8, -3/62 HPs)
             Began as a Mountain Dwarf Reaver on Feb 21, 2024.
             Was a Follower of Hepliaklqana.
             Slain by a wraith (11 damage)
             ... on level 6 of the Dungeon.
             The game lasted 00:20:02 (8138 turns).

shadowstone the Covered (Mountain Dwarf Reaver)     Turns: 8138, Time: 00:20:04

Health: -3/62      AC: 14    Str: 25    XL:     8   Next: 13%
Magic:  11/11      EV: 11    Int: 18    God:    Hepliaklqana [*.....]
Gold:   347        SH:  0    Dex:  8    Spells: 8/11 levels left

rFire   . . .        j - +4 mace
rCold   . . .        (no shield)
rNeg    . . .        t - +4 ring mail of the Wumpus {Regen+ Str+3 Int+3 Slay-5}
rPois   .            D - +0 helmet
rElec   .            (no cloak)
rCorr   .            i - +0 pair of gloves
SInv    .            y - +0 pair of boots
Will    .....        e - amulet of the acrobat
Stlth   +            g - +6 ring of strength
HPRegen 1.10/turn    (no ring)
MPRegen 0.12/turn

%: acrobat
@: slowed, very slow
A: reduced essence, runic magic, artefact enchanting
a: Renounce Religion, Recall Ancestor, Ancestor Identity


You were on level 6 of the Dungeon.
You worshipped Hepliaklqana.
Hepliaklqana was aware of your devotion.
You visited 1 branch of the dungeon, and saw 6 of its levels.

You collected 347 gold pieces.

Inventory:

Hand Weapons
 a - a +0 hand axe
 j - a +4 mace (weapon)
 v - a +0 shortbow of flaming
Missiles
 k - 7 boomerangs
Armour
 b - a +0 leather armour
 i - a +0 pair of gloves (worn)
 l - a +2 leather armour of poison resistance
 o - a +0 helmet
 t - the +4 ring mail of the Wumpus (worn) {Regen+ Str+3 Int+3 Slay-5}
   (You found it on level 4 of the Dungeon)

   Str+3:     It affects your strength (+3).
   Int+3:     It affects your intelligence (+3).
   Slay-5:    It affects your accuracy & damage with ranged weapons and melee
   (-5).
   Regen+:    It increases your rate of health regeneration.
 y - a +0 pair of boots (worn)
 D - a +0 helmet (worn)
Jewellery
 d - a ring of protection from fire
 e - an amulet of the acrobat (around neck)
 g - a +6 ring of strength (left hand)
Talismans
 s - a granite talisman
Wands
 m - a wand of mindburst (27)
 B - a wand of polymorph (8)
Scrolls
 n - 4 scrolls of identify
 w - 2 scrolls of fog {unknown}
 x - a scroll of enchant armour
 C - a scroll of noise {unknown}
Potions
 c - a potion of invisibility {unknown}
 f - 2 potions of heal wounds {unknown}
 h - a potion of degeneration {unknown}
 p - a potion of might {unknown}
 q - 2 potions of mutation {unknown}
 r - a potion of attraction {unknown}
 u - a potion of ambrosia {unknown}
 z - a potion of magic {unknown}


   Skills:
 + Level 5.5 Fighting
 + Level 4.9 Axes
 + Level 5.9 Armour
 + Level 3.2 Dodging
 + Level 2.1 Stealth
 + Level 2.1 Spellcasting
 + Level 3.2 Conjurations
 + Level 0.3 Translocations


You had 8 spell levels left.
You knew the following spells:

 Your Spells              Type           Power      Damage    Failure   Level
a - Kiss of Death         Conj/Necr      28%        2d7       10%         1
b - Momentum Strike       Conj/Tloc      16%        3d8       14%         2

Your spell library contained the following spells:

 Spells                   Type           Power      Damage    Failure   Level
 Ensorcelled Hibernation  Hex/Ice        2%         N/A       28%         2
 Scorch                   Fire           2%         2d5       28%         2
 Hailstorm                Conj/Ice       7%         3d5       30%         3
 Fugue of the Fallen      Necr           1%         N/A       50%         3
 Flame Wave               Conj/Fire      7%         2d5       69%         4
 Anguish                  Hex/Necr       0%         N/A       88%         4
 Summon Cactus Giant      Summ           0%         N/A       100%        6


Dungeon Overview and Level Annotations

Branches:
Dungeon (6/15)
 Temple: D:4-7

Altars:
Fedhas
Hepliaklqana
Trog
The Shining One


Innate Abilities, Weirdness & Mutations

Your life essence is reduced to manifest your ancestor. (-10% HP)
Your spellcasting is much less encumbered by armour.
You can use scrolls of enchantment on lesser artefacts.


Message History

The orc throws a boomerang.
The boomerang hits you but does no damage.
Something hits you but does no damage. The wraith hits you.
* * * LOW HITPOINT WARNING * * *
The wraith drains your vigour!
You feel as though you will be slow longer.
Bob hits something but does no damage.
You feel better.
The orc throws a boomerang.
The boomerang barely misses you. Something hits you.
* * * LOW HITPOINT WARNING * * *
The iguana closely misses you. The wraith hits you.
* * * LOW HITPOINT WARNING * * *
The wraith drains your vigour!
You feel as though you will be slow longer.
Bob hits something.
Something hits you but does no damage. The iguana barely misses you.
The wraith hits you but does no damage.
Bob misses something.
You closely miss the wraith.
The wraith is lightly damaged.
The orc throws a boomerang.
The boomerang hits you but does no damage.
Something hits you.
* * * LOW HITPOINT WARNING * * *
The iguana bites you but does no damage.
The wraith hits you.
* * * LOW HITPOINT WARNING * * *
Bob hits something.
The iguana bites you.
* * * LOW HITPOINT WARNING * * *
Something hits Bob.
The orc throws a boomerang.
The boomerang closely misses you. The wraith closely misses you.
Bob hits something.
You feel better.
The orc throws a boomerang.
The boomerang misses you.
A puff of flame appears from out of thin air!
The puff of flame hits Bob.
Bob resists.
The iguana bites you.
* * * LOW HITPOINT WARNING * * *
The wraith hits you!
You die...
Hepliaklqana delivers you to your ancestors. ....... #..## ....... #....# ....... ...... ....... #...... ..... ....... # ... oR.....

. #.###{o..... ## .
##5W@## . .###.
##..l..# ##. .#.#
#.#...#...#.. #...
#.#####...#...#####...
#.#...#...#...#...#...
##.....#.### #.....#R#
##...###...###...###.
##R###.#.....#.###.#..
#...# .# #...#...#.


You could see the friendly Bob the ancestor, a wraith, an iguana, an ufetubus
and 2 orcs.

Vanquished Creatures
  2 black bears (D:4)
  An ogre (D:6)
  A centaur (D:5)
  A kobold brigand (D:4)
  A bullfrog (D:6)
  A howler monkey (D:5)
  2 jellies
  A hound (D:4)
  An orc priest (D:5)
  A bombardier beetle (D:4)
  2 bullfrog skeletons (D:5)
  A bullfrog zombie (D:5)
  3 iguanas (D:5)
  An orc wizard (D:5)
  7 adders
  2 shadow imps (D:5)
  An ufetubus (D:6)
  A ribbon worm (D:3)
  The ghost of zenocrate the Sneak, a weakling MiDe (D:5)
  3 dart slugs
  12 orcs
  7 bats
  6 endoplasms
  4 giant cockroaches
  6 goblins
  4 hobgoblins
  2 jackals (D:1)
  8 kobolds
  5 quokkas
  5 ball pythons
  6 frilled lizards
  7 rats
106 creatures vanquished.

Vanquished Creatures (collateral kills)
  An orc (D:5)
1 creature vanquished.

Vanquished Creatures (others)
  2 ancestors
2 creatures vanquished.

Grand Total: 109 creatures vanquished

Notes
Turn   | Place    | Note
-------+----------+-------------------------------------------
     0 | D:1      | shadowstone the Mountain Dwarf Reaver began the quest for
                  | the Orb.
     0 | D:1      | Reached XP level 1. HP: 17/17 MP: 3/3
   210 | D:1      | Reached XP level 2. HP: 18/25 MP: 4/4
   232 | D:1      | Learned a level 2 spell: Momentum Strike
   464 | D:1      | Reached XP level 3. HP: 12/30 MP: 5/5
  1566 | D:2      | Reached skill level 1 in Armour
  1654 | D:2      | Reached XP level 4. HP: 30/37 MP: 3/6
  2774 | D:3      | Found a faded altar of an unknown god.
  3220 | D:4      | Reached XP level 5. HP: 36/42 MP: 7/7
  3240 | D:4      | Noticed a black bear
  3251 | D:4      | Noticed a black bear
  3252 | D:4      | Killed a black bear
  3257 | D:4      | Killed a black bear
  3258 | D:4      | Reached XP level 6. HP: 23/51 MP: 4/9
  3457 | D:4      | Found a bloodstained altar of Trog.
  3493 | D:4      | Found a hazy altar of Hepliaklqana.
  3568 | D:4      | Became a worshipper of Hepliaklqana the Forgotten
  4399 | D:4      | Found a glowing golden altar of the Shining One.
  4414 | D:4      | Reached skill level 1 in Stealth
  4829 | D:4      | Identified the +4 ring mail of the Wumpus {Regen+ Str+3
                  | Int+3 Slay-5}
  5769 | D:5      | Entered Level 5 of the Dungeon
  5777 | D:5      | Reached XP level 7. HP: 59/59 MP: 10/10
  5906 | D:5      | Found a transporter.
  5910 | D:5      | Noticed zenocrate's ghost (weakling MiDe)
  5915 | D:5      | Found a transporter.
  5930 | D:5      | HP: 2/59 [acid (5)]
  6964 | D:5      | Reached skill level 5 in Armour
  7044 | D:5      | Reached skill level 5 in Fighting
  7099 | D:5      | Reached * piety under Hepliaklqana
  7100 | D:5      | Found a blossoming altar of Fedhas.
  7639 | D:5      | Killed zenocrate's ghost
  8036 | D:6      | Reached XP level 8. HP: 46/62 MP: 11/11
  8135 | D:6      | HP: 3/62 [wraith (4)]
  8138 | D:6      | Slain by a wraith

Illustrated notes

Levels and vault maps discovered:
D:1:      roadster_arrival_rocket_small, layout_loops_ring,
          minmay_misc_feat_tiny, minmay_misc_feat_room
D:2:      layout_basic, st_stairs_6, minmay_split_cup_large
D:3:      layout_rooms, ebering_ecumenical_altar_box, roderic_serpentine_path,
          st_stairs_12, chequers_garden, grunt_decor_resistance
D:4:      layout_loops_cross, nicolae_overflow_crystal_walls,
          trog_ov_bears_minmay, mainiacjoe_overflow_catwalk
D:5:      layout_loops_corners, fedhas_ov_isle_minmay,
          gammafunk_ghost_mausoleum, serial_park_tiny_1
D:6:      nicolae_cairo_tiling, layout_cave_pods, serial_column_ruins,
          column_ruins_hut_ruined, column_ruins_grid_1, column_ruins_grid_3,
          column_ruins_open_medium, column_ruins_columns_corner,
          column_ruins_open_tiny, column_ruins_open_large, column_ruins_grid_3,
          serial_shops, shop, nicolae_inconvenience_store

Skill      XL: |  1  2  3  4  5  6  7 |
---------------+----------------------+-----
Axes           | 4 |  4.9
Conjurations   | 3 |  3.2
Armour         | 1 2 3 4 5 |  5.9
Dodging        | 2 3 |  3.2
Fighting       | 3 4 5 |  5.5
Spellcasting   | 2 |  2.1
Stealth        | 1 2 |  2.1
Translocations | |  0.3

Action                     |  1- 3 |  4- 6 |  7- 9 || total
---------------------------+-------+-------+-------++-------
  Melee: Hand axe          |    91 |       |       ||    91
         Mace              |    26 |   126 |   181 ||   333
   Cast: Momentum Strike   |     1 |     2 |     2 ||     5
 Invoke: Ancestor Identity |       |       |     1 ||     1
  Evoke: Wand              |       |     1 |       ||     1
    Use: Scroll            |       |     4 |       ||     4
         Potion            |       |     1 |     4 ||     5
 Armour: Leather armour    |    63 |    81 |       ||   144
         Ring mail         |       |     2 |   319 ||   321
  Dodge: Dodged            |   121 |   142 |   240 ||   503
         Form:             |       |     1 |       ||     1
         Statue            |       |     1 |       ||     1

Table legend: (Time is in decaauts)
 A = Elapsed time spent in this place.
 B = Non-inter-level travel time spent in this place.
 C = Inter-level travel time spent in this place.
 D = Time resting spent in this place.
 E = Time spent auto-exploring this place.
 F = Levels seen in this place.
 G = Mean time per level.
                   A        B        C        D        E       F      G
               +--------+--------+--------+--------+--------+-----+--------+
         Total |   8248 |   7832 |    416 |   3234 |   2118 |   6 | 1374.7 |
       Dungeon |   8248 |   7832 |    416 |   3234 |   2118 |   6 | 1374.7 |
               +--------+--------+--------+--------+--------+-----+--------+

Top non-repeatable levels by time:
     D:4: 2578 daAuts
     D:5: 2121 daAuts
     D:1: 1360 daAuts
     D:2: 1150 daAuts
     D:3: 733 daAuts
     D:6: 304 daAuts
